 Dungeon Crawl Stone Soup version 0.31-a0-177-g4aa6249778 (webtiles) character file.

Game seed: 9229468897771835276

110151 qw the Severer (level 16, -12/106 HPs)
             Began as a Gargoyle Fighter on June 18, 2023.
             Was an Elder of Okawaru.
             Mangled by an orc knight
             ... wielding a +3 great sword
              (35 damage)
             ... on level 2 of the Orcish Mines.
             The game lasted 00:12:59 (22513 turns).

qw the Severer (Gargoyle Fighter)                  Turns: 22513, Time: 00:13:00

Health: -12/106    AC: 41    Str: 28    XL:     16   Next: 54%
Magic:  22/23      EV: 12    Int:  9    God:    Okawaru [****..]
Gold:   1710       SH: 15    Dex: 15    Spells: 15/15 levels left

rFire   . . .        a - +6 war axe of the Unseen Realm {flame, Fly Will+}
rCold   + + .        C - +0 kite shield
rNeg    + . .        D - +2 plate armour {rC+}
rPois   inf          v - +2 hat
rElec   +            (no cloak)
rCorr   .            l - +0 pair of gloves
SInv    .            w - +0 pair of boots
Will    +++..        F - amulet of faith Stlth
                     i - ring of Dishonour {rC+ Will+ Dex+6}
HPRegen 0.37/turn    t - +4 ring of protection
MPRegen 0.18/turn

%: faith
@: about to teleport, heroic, flying
A: sickness immunity, AC +12, big wings, negative energy resistance 1,
electricity resistance, torment resistance 1, petrification resistance
a: Renounce Religion, Heroism, Finesse


You were on level 2 of the Orcish Mines.
You worshipped Okawaru.
Okawaru was greatly pleased with you.
You visited 4 branches of the dungeon, and saw 23 of its levels.

You collected 2012 gold pieces.
You spent 302 gold pieces at shops.


Innate Abilities, Weirdness & Mutations

You are immune to sickness and miasma.
Your stone body is resilient. (AC +12)
You are immune to poison.
Your large and strong wings let you fly.
You resist negative energy. (rN+)
You are resistant to electric shocks. (rElec)
You are resistant to unholy torment.
You are immune to petrification.


   Skills:
 - Level 14.0(19.0) Fighting
 - Level 16.0(21.0) Axes
 - Level 5.0(10.0) Throwing
 + Level 12.5(17.5) Armour
 - Level 5.0(10.0) Dodging
 - Level 14.0(19.0) Shields
 - Level 10.0 Invocations


You had 15 spell levels left.
You didn't know any spells.
Your spell library was empty.

Inventory:

Hand Weapons
 a - the +6 war axe of the Unseen Realm (weapon) {flame, Fly Will+}
   (You acquired it on level 1 of the Dungeon)

   Fly:       It grants you flight.
   Will:      It increases your willpower.
 c - a +0 broad axe
Missiles
 b - a boomerang (quivered)
Armour
 l - a +0 pair of gloves (worn)
 o - a +3 plate armour
 p - +0 acid dragon scales
 s - a +2 chain mail of fire resistance
 v - a +2 hat (worn)
 w - a +0 pair of boots (worn)
 C - a +0 kite shield (worn)
 D - a +2 plate armour of cold resistance (worn)
Jewellery
 e - a ring of resist corrosion
 i - the ring of Dishonour (left hand) {rC+ Will+ Dex+6}
   (You took it off a centaur warrior on level 13 of the Dungeon)

   [ring of dexterity]

   Dex:       It affects your dexterity (+6).
   rC:        It protects you from cold.
   Will:      It increases your willpower.
 q - an amulet of the acrobat
 t - a +4 ring of protection (right hand)
 y - a ring of protection from cold
 F - an amulet of faith (around neck)
 Y - a ring of protection from fire
Scrolls
 j - 8 scrolls of teleportation
 m - 14 scrolls of identify
 z - a scroll of brand weapon
 A - 2 scrolls of enchant weapon
Potions
 d - 3 potions of might
 f - 2 potions of haste
 g - 7 potions of heal wounds
 h - 2 potions of lignification
 k - 2 potions of resistance
 n - 4 potions of attraction
 r - 6 potions of enlightenment
 u - 4 potions of mutation
 x - 12 potions of curing
 B - 3 potions of cancellation

Dungeon Overview and Level Annotations

Branches:
Dungeon (15/15)            Temple (1/1) D:6            Lair (5/5) D:11
  Swamp (0/4) Lair:2       Spider (0/4) Lair:2        Slime (0/5) Lair:5
    Orc (2/2) D:10            Elf (0/3) Orc:2        Vaults (0/5) D:13
 Depths (0/4) D:15

Altars:
Ashenzari
Cheibriados
Dithmenos
Elyvilon
Fedhas
Gozag
Hepliaklqana
Kikubaaqudgha
Makhleb
Nemelex Xobeh
Okawaru
Qazlal
Ru
Sif Muna
Trog
Uskayaw
Vehumet
Wu Jian
Xom
Yredelemnul
Zin
The Shining One
Jiyva
Lugonu

Shops:
D:4 !([   D:6 [   D:7 !

Portals:
Abyss: Lair:5

Annotations:
Lair:5 2 runed translucent doors, qw's ghost, journeyman GrFi


Message History

You kill the orc warrior!
Okawaru accepts your kill.
You hit the orc warrior but do no damage.
You closely miss the orc high priest. You closely miss the orc knight.
You closely miss the orc warrior. You slash the orc warrior!
You burn the orc warrior. The orc warrior closely misses you.
The orc warrior hits you but does no damage.
You block the orc warrior's attack.
The orc warrior hits you with a +0 flail!
You block the orc high priest's attack.
The orc knight hits you with a +3 great sword.
The orc knight roars a battlecry!
The orc warrior goes into a battle-frenzy!
You hit the orc high priest but do no damage.
The orc high priest is severely wounded.
You slash the orc warrior! You burn the orc warrior. You hit the orc warrior.
You burn the orc warrior. You slash the orc warrior! You burn the orc warrior.
You kill the orc warrior!
Okawaru accepts your kill.
You slash the orc knight! You burn the orc knight.
You barely miss the orc knight.
The orc knight is severely wounded.
You hit the orc high priest. You burn the orc high priest.
You closely miss the orc warrior. You slash the orc warrior!
You burn the orc warrior.
You kill the orc warrior!
Okawaru accepts your kill. You block the orc warrior's attack.
The orc warrior barely misses you.
The orc high priest hits you with a +0 short sword!
The orc knight hits you with a +3 great sword!
The orc warrior closely misses you.
22513 ||| READING 9 scrolls of teleportation.
As you read the scroll of teleportation, it crumbles to dust.
You feel strangely unstable.
The orc high priest prays to Beogh.
You block the orc warrior's attack. x2
The orc high priest hits you but does no damage.
The orc knight hits you with a +3 great sword!!
You die...

#..........#
.....#....##
### .##
....###...#
##.. ... #
#..## ##.##
#..# .. ..
.#..## ###
##..... ...
.....###
#...#. .#..
.......##
##.... .3...
...#....#
#..o)#...#..
#.####.##
#..o@ooo....
...# ###
#..o3#o.4#..
...# #...oo


oo... ..## #...o#o .#.. .## ##....oo ... ..## #...# .. .. ...# ##... ... . ...#
#..# .#. ..## You could see 2 orc knights, 4 orc high priests, an ice devil
(summoned), 2 smoke demons, 7 orc warriors and 2 orcs.

Vanquished Creatures
  Gastronok (D:10)
  Agnes (D:15)
  Azrael (D:12)
  A dire elephant (D:15)
  2 ettins (Orc:2)
  Fannar (D:10)
  Erolcha (D:10)
  4 hydras
  3 catoblepae
  2 two-headed ogres
  Harold (Lair:2)
  6 centaur warriors
  Erica (D:10)
  An alligator (shapeshifter) (D:13)
  3 boulder beetles
  19 death yaks
  4 thrashing horrors (Lair:5)
  An orc high priest (Orc:2)
  Sonja (D:13)
  Nergalle (Orc:1)
  15 skeletal warriors
  A lindwurm (Lair:3)
  3 deep elf pyromancers
  A necromancer (D:13)
  2 wizards
  2 orc knights
  11 cyclopes
  2 manticores
  27 ugly things
  3 wolf spiders (D:13)
  2 black mambas
  A naga mage (D:15)
  19 cane toads
  A large abomination (Lair:5)
  Maggie (Lair:2)
  An ice statue (D:11)
  4 gargoyles
  2 smoke demons (Lair:5)
  Psyche (D:10)
  A yaktaur (D:13)
  2 kobold demonologists
  An unseen horror (D:12)
  9 komodo dragons
  2 freezing wraiths
  2 tengu conjurers
  2 ancient zymes (Lair:5)
  A hornet (D:8)
  3 polar bears
  A merfolk (D:15)
  Grinder (D:5)
  Prince Ribbit (D:8)
  9 trolls
  22 blink frogs
  10 slime creatures
  A centaur simulacrum (D:14)
  5 wyverns
  2 vampires
  A spriggan (Lair:5)
  A water elemental (D:14)
  40 yaks
  2 ynoxinuls (Lair:5)
  Eustachio (D:6)
  8 basilisks
  2 fire elementals (D:12)
  21 vampire mosquitoes
  2 redbacks (Lair:2)
  A chaos spawn (Lair:5)
  A steam dragon (D:6)
  2 wargs
  An acid dragon (D:9)
  15 water moccasins
  2 hell hounds (D:12)
  31 orc warriors
  2 black bears (D:7)
  A sky beast (D:7)
  2 ice beasts (D:8)
  5 ogres
  21 wolves
  A tengu (shapeshifter) (Lair:5)
  3 centaurs
  2 phantoms
  8 kobold brigands
  8 bullfrogs
  2 gnoll sergeants
  11 small abominations (Lair:5)
  A scorpion (D:6)
  17 wights
  9 howler monkeys
  5 electric eels
  2 jellies (D:5)
  2 gnoll boudas
  A hound (D:4)
  22 orc priests
  4 iguanas
  Terence (D:2)
  6 hell rats
  2 sleepcaps
  25 orc wizards
  15 gnolls
  6 adders
  6 river rats (Lair:2)
  13 white imps
  2 ufetubi
  A dart slug (D:2)
  95 orcs
  9 ball pythons
  6 endoplasms
  A giant cockroach (D:4)
  11 goblins
  7 hobgoblins
  3 quokkas
  6 bats
  6 frilled lizards
  21 kobolds
  6 rats
737 creatures vanquished.

Notes
Turn   | Place    | Note
-------+----------+-------------------------------------------
     0 | D:1      | qw the Gargoyle Fighter began the quest for the Orb.
     0 | D:1      | Reached XP level 1. HP: 14/14 MP: 1/1
     0 | D:1      | 0 ||| qw: Version: 0.3-a-7-ge0c9b40
     0 | D:1      | 0 ||| qw: Game counter: 851
     0 | D:1      | 0 ||| qw: Always use a shield: true
     0 | D:1      | 0 ||| qw: God list: Okawaru
     0 | D:1      | 0 ||| qw: Allow faded altars: false
     0 | D:1      | 0 ||| qw: Do Orc after D:15 true
     0 | D:1      | 0 ||| qw: Do second Lair branch before Depths: true
     0 | D:1      | 0 ||| qw: Lair rune preference: random
     0 | D:1      | 0 ||| qw: Plans: Normal, Zot:1-4, Slime:5, God:TSO, Crypt,
                  | Tomb, Abyss, Pan, Hells, Win
     0 | D:1      | 0 ||| PLANNING D:1-11
    46 | D:1      | Reached skill level 2 in Axes
   123 | D:1      | Reached XP level 2. HP: 19/19 MP: 2/2
   511 | D:1      | Reached skill level 3 in Axes
   538 | D:1      | Reached XP level 3. HP: 23/23 MP: 3/3
   737 | D:1      | 737 ||| UPGRADING to ring of resist corrosion.
   738 | D:1      | 738 ||| READING scroll labelled XUNKIXKIGEO.
   738 | D:1      | Identified a scroll of acquirement
   738 | D:1      | 738 ||| ACQUIRING +6 war axe of the Unseen Realm {flame,
                  | Fly Will+}
   738 | D:1      | Acquired the +6 war axe of the Unseen Realm {flame, Fly
                  | Will+}
   740 | D:1      | 740 ||| SWAPPING to +6 war axe of the Unseen Realm {flame,
                  | Fly Will+}.
   741 | D:1      | 741 ||| DROPPING +0 club.
   742 | D:1      | 742 ||| READING scroll labelled ECAUF PAFEFEMM.
  1253 | D:2      | Found a radiant altar of Vehumet.
  1316 | D:2      | 1316 ||| Stepping ~*~*~tactically~*~*~ (hiding).
  1319 | D:2      | 1319 ||| Stepping ~*~*~tactically~*~*~ (hiding).
  1621 | D:2      | Noticed Terence
  1630 | D:2      | Killed Terence
  1631 | D:2      | Reached skill level 4 in Axes
  1631 | D:2      | Reached XP level 4. HP: 25/28 MP: 4/4
  1636 | D:2      | 1636 ||| Stepping ~*~*~tactically~*~*~ (stealth).
  1643 | D:2      | 1643 ||| Stepping ~*~*~tactically~*~*~ (hiding).
  1822 | D:2      | 1822 ||| UPGRADING to +2 chain mail of fire resistance.
  1832 | D:2      | 1832 ||| DROPPING +0 scale mail.
  1833 | D:2      | 1833 ||| READING scroll labelled BEPEICKA PIKHLA.
  1834 | D:2      | 1834 ||| READING scroll labelled ZAIPHE IPHIMOA.
  1835 | D:2      | 1835 ||| READING scroll labelled WOPPEU RAUSE.
  1836 | D:2      | 1836 ||| READING scroll labelled OKUSE JOBLOEMI.
  1837 | D:2      | 1837 ||| DRINKING 3 fuming silvery potions.
  1838 | D:2      | 1838 ||| DRINKING 2 black potions.
  1843 | D:2      | 1843 ||| DRINKING 3 fuming cyan potions.
  1844 | D:2      | 1844 ||| DROPPING potion of ambrosia.
  2310 | D:3      | Found a broken altar of Ashenzari.
  2428 | D:3      | 2428 ||| UPGRADING to amulet of the acrobat.
  2433 | D:3      | 2433 ||| UPGRADING to +4 ring of protection.
  2434 | D:3      | 2434 ||| READING 2 scrolls labelled UXZOGE QAOKLAQ.
  2435 | D:3      | 2435 ||| READING scroll labelled NUIRED BOKUE.
  2436 | D:3      | 2436 ||| DRINKING 3 fuming clear potions.
  2485 | D:4      | Noticed a phantom
  2501 | D:4      | Killed a phantom
  2502 | D:4      | Reached skill level 5 in Axes
  2502 | D:4      | Reached XP level 5. HP: 28/32 MP: 5/5
  2543 | D:4      | 2543 ||| Stepping ~*~*~tactically~*~*~ (hiding).
  2699 | D:4      | 2699 ||| Stepping ~*~*~tactically~*~*~ (hiding).
  2884 | D:4      | Found Adekic's Distillery.
  2890 | D:4      | 2890 ||| BUYING potion of curing (42 gold).
  2890 | D:4      | Bought a potion of curing for 42 gold pieces
  2890 | D:4      | 2890 ||| BUYING potion of enlightenment (70 gold).
  2890 | D:4      | Bought a potion of enlightenment for 70 gold pieces
  2890 | D:4      | 2890 ||| SHOPLISTING potion of haste (140 gold, have 92).
  2890 | D:4      | 2890 ||| BUYING potion of heal wounds (70 gold).
  2890 | D:4      | Bought a potion of heal wounds for 70 gold pieces
  2890 | D:4      | 2890 ||| SHOPLISTING potion of heal wounds (70 gold, have
                  | 22).
  2890 | D:4      | 2890 ||| SHOPLISTING potion of magic (112 gold, have 22).
  2911 | D:4      | Found Piopaowk's Antique Weapon Emporium.
  2917 | D:4      | 2917 ||| SHOPLISTING runed broad axe (133 gold, have 22).
  2950 | D:4      | Reached XP level 6. HP: 38/38 MP: 6/6
  2987 | D:4      | Found Luudghe's Armour Boutique.
  3003 | D:4      | 3003 ||| SHOPLISTING +1 cloak (149 gold, have 22).
  3003 | D:4      | 3003 ||| SHOPLISTING +2 pair of gloves (214 gold, have 22).
  3079 | D:4      | 3079 ||| READING scroll labelled BUSHRY OLLEBLOE.
  3082 | D:4      | 3082 ||| READING scroll labelled IJAFUMUGRA.
  3083 | D:4      | 3083 ||| DRINKING 2 sedimented grey potions.
  3084 | D:4      | 3084 ||| READING 3 scrolls of identify.
  3084 | D:4      | 3084 ||| IDENTIFYING blue potion
  3085 | D:4      | 3085 ||| READING 2 scrolls of identify.
  3085 | D:4      | 3085 ||| IDENTIFYING coppery potion
  3086 | D:4      | 3086 ||| DROPPING potion of brilliance.
  3087 | D:4      | 3087 ||| DROPPING potion of invisibility.
  3103 | D:5      | Entered Level 5 of the Dungeon
  3165 | D:5      | Noticed Grinder
  3166 | D:5      | 3166 ||| Stepping ~*~*~tactically~*~*~ (hiding).
  3177 | D:5      | Killed Grinder
  3178 | D:5      | Reached skill level 6 in Axes
  3178 | D:5      | Reached XP level 7. HP: 17/43 MP: 7/7
  3182 | D:5      | Reached skill level 1 in Dodging
  3184 | D:5      | HP: 3/43 [gnoll sergeant/+2 trident of pain (8)]
  3185 | D:5      | 3185 ||| DRINKING 3 potions of heal wounds.
  3191 | D:5      | Reached skill level 7 in Axes
  3806 | D:5      | 3806 ||| DRINKING 2 amethyst potions.
  3807 | D:5      | 3807 ||| DROPPING potion of degeneration.
  3824 | D:6      | Found Dulich's Armour Shop.
  3830 | D:6      | Reached XP level 8. HP: 33/50 MP: 8/8
  3835 | D:6      | 3835 ||| SHOPLISTING +2 kite shield (181 gold, have 55).
  3845 | D:6      | 3845 ||| FLEEEEING.
  3846 | D:6      | 3846 ||| FLEEEEING.
  3847 | D:6      | 3847 ||| FLEEEEING.
  3848 | D:6      | 3848 ||| FLEEEEING.
  3849 | D:6      | 3849 ||| STAIRDANCE
  3977 | D:6      | Found a staircase to the Ecumenical Temple.
  3978 | D:6      | 3978 ||| PLANNING TEMPLE
  3984 | D:6      | Reached skill level 8 in Axes
  4012 | D:6      | 4012 ||| UPGRADING to ring of protection from fire.
  4014 | D:6      | 4014 ||| UPGRADING to +0 plate armour.
  4024 | D:6      | 4024 ||| READING 3 scrolls of enchant armour.
  4024 | D:6      | 4024 ||| ENCHANTING +0 plate armour.
  4025 | D:6      | 4025 ||| READING 2 scrolls of enchant armour.
  4025 | D:6      | 4025 ||| ENCHANTING +1 plate armour.
  4026 | D:6      | 4026 ||| READING scroll of enchant armour.
  4026 | D:6      | 4026 ||| ENCHANTING +2 plate armour.
  4028 | Temple   | Entered the Ecumenical Temple
  4096 | Temple   | 4096 ||| PLANNING OKAWARU WORSHIP
  4189 | Temple   | Became a worshipper of Warmaster Okawaru
  4190 | Temple   | 4190 ||| PLANNING D:1-11
  4381 | D:6      | Found a shimmering blue altar of Sif Muna.
  4416 | D:6      | Reached skill level 6 in Fighting
  4436 | D:6      | Found a shimmering altar of Xom.
  4480 | D:6      | 4480 ||| DROPPING +0 war axe.
  4549 | D:6      | Noticed Eustachio
  4572 | D:6      | Killed Eustachio
  4573 | D:6      | Reached skill level 9 in Axes
  4573 | D:6      | Reached XP level 9. HP: 55/55 MP: 9/9
  4578 | D:6      | 4578 ||| Stepping ~*~*~tactically~*~*~ (hiding).
  4579 | D:6      | 4579 ||| Stepping ~*~*~tactically~*~*~ (hiding).
  4580 | D:6      | 4580 ||| Stepping ~*~*~tactically~*~*~ (hiding).
  4585 | D:6      | Reached * piety under Okawaru
  4615 | D:6      | Found an opulent altar of Gozag.
  4619 | D:6      | Found an ancient bone altar of Kikubaaqudgha.
  4692 | D:6      | Found a radiant altar of Vehumet.
  4693 | D:6      | Found a stormy altar of Qazlal.
  4693 | D:6      | Found a glowing golden altar of the Shining One.
  4699 | D:6      | 4699 ||| READING scroll labelled VITUIT SEQEI.
  4700 | D:6      | 4700 ||| READING 2 scrolls of identify.
  4700 | D:6      | 4700 ||| IDENTIFYING orange potion
  4785 | D:7      | Reached skill level 1 in Invocations
  4802 | D:7      | 4802 ||| Stepping ~*~*~tactically~*~*~ (stealth).
  4864 | D:7      | Identified the +2 robe of Undesirable Species {+Blink
                  | Regen+ Dex-2}
  4891 | D:7      | 4891 ||| Stepping ~*~*~tactically~*~*~ (hiding).
  4896 | D:7      | 4896 ||| Stepping ~*~*~tactically~*~*~ (hiding).
  4927 | D:7      | 4927 ||| Stepping ~*~*~tactically~*~*~ (stealth).
  4929 | D:7      | 4929 ||| Stepping ~*~*~tactically~*~*~ (stealth).
  4931 | D:7      | 4931 ||| Stepping ~*~*~tactically~*~*~ (hiding).
  4954 | D:7      | 4954 ||| INVOKING Heroism.
  4961 | D:7      | Reached skill level 1 in Throwing
  4961 | D:7      | Reached skill level 3 in Invocations
  5058 | D:7      | Found Dycsacei's Distillery.
  5073 | D:7      | 5073 ||| BUYING potion of enlightenment (60 gold).
  5073 | D:7      | Bought a potion of enlightenment for 60 gold pieces
  5073 | D:7      | 5073 ||| SHOPLISTING potion of haste (120 gold, have 63).
  5073 | D:7      | 5073 ||| BUYING potion of heal wounds (60 gold).
  5073 | D:7      | Bought a potion of heal wounds for 60 gold pieces
  5073 | D:7      | 5073 ||| SHOPLISTING potion of magic (96 gold, have 3).
  5073 | D:7      | 5073 ||| SHOPLISTING potion of mutation (96 gold, have 3).
  5073 | D:7      | 5073 ||| SHOPLISTING potion of resistance (120 gold, have
                  | 3).
  5120 | D:7      | 5120 ||| INVOKING Heroism.
  5147 | D:7      | Found a sacrificial altar of Ru.
  5241 | D:7      | 5241 ||| READING 3 scrolls of identify.
  5241 | D:7      | 5241 ||| IDENTIFYING viscous orange potion
  5242 | D:7      | 5242 ||| READING 2 scrolls of identify.
  5242 | D:7      | 5242 ||| IDENTIFYING green potion
  5243 | D:7      | 5243 ||| DROPPING potion of berserk rage.
  5465 | D:8      | 5465 ||| INVOKING Heroism.
  5566 | D:8      | 5566 ||| Stepping ~*~*~tactically~*~*~ (stealth).
  5671 | D:8      | Noticed Prince Ribbit
  5672 | D:8      | 5672 ||| INVOKING Heroism.
  5682 | D:8      | Killed Prince Ribbit
  5683 | D:8      | Reached skill level 10 in Axes
  5955 | D:8      | Reached XP level 10. HP: 63/63 MP: 13/13
  5988 | D:8      | Reached ** piety under Okawaru
  6049 | D:8      | Noticed a two-headed ogre
  6050 | D:8      | 6050 ||| INVOKING Heroism.
  6054 | D:8      | Killed a two-headed ogre
  6055 | D:8      | Reached skill level 9 in Fighting
  6089 | D:8      | 6089 ||| Stepping ~*~*~tactically~*~*~ (hiding).
  6127 | D:8      | 6127 ||| Stepping ~*~*~tactically~*~*~ (hiding).
  6128 | D:8      | 6128 ||| Stepping ~*~*~tactically~*~*~ (hiding).
  6129 | D:8      | 6129 ||| Stepping ~*~*~tactically~*~*~ (hiding).
  6149 | D:8      | 6149 ||| Stepping ~*~*~tactically~*~*~ (hiding).
  6150 | D:8      | 6150 ||| Stepping ~*~*~tactically~*~*~ (hiding).
  6153 | D:8      | 6153 ||| Stepping ~*~*~tactically~*~*~ (hiding).
  6215 | D:8      | 6215 ||| INVOKING Heroism.
  6223 | D:8      | Reached skill level 6 in Armour
  6681 | D:8      | 6681 ||| UPGRADING to +0 pair of gloves.
  6686 | D:8      | 6686 ||| DROPPING +0 chain mail of cold resistance.
  6687 | D:8      | 6687 ||| UPGRADING to +2 hat.
  6692 | D:8      | 6692 ||| UPGRADING to +0 pair of boots.
  6697 | D:8      | 6697 ||| READING scroll labelled COTZIO CYRAEL.
  6735 | D:9      | Found a flagged portal.
  6776 | D:9      | 6776 ||| INVOKING Heroism.
  6848 | D:9      | You are sucked into a shaft and drop 2 floors!
  6848 | D:11     | Found a staircase to the Lair.
  6857 | D:11     | Noticed a kobold demonologist
  6864 | D:11     | Noticed a cyclops
  6865 | D:11     | 6865 ||| INVOKING Heroism.
  6869 | D:11     | Killed a kobold demonologist
  6871 | D:11     | Noticed a cyclops
  6873 | D:11     | Reached *** piety under Okawaru
  6879 | D:11     | Killed a cyclops
  6886 | D:11     | Killed a cyclops
  6886 | D:11     | Received a gift from Okawaru
  6887 | D:11     | Reached skill level 11 in Axes
  6962 | D:11     | 6962 ||| READING scroll labelled VYAPAIPREZIE.
  7006 | D:11     | 7006 ||| READING 3 scrolls of identify.
  7006 | D:11     | 7006 ||| IDENTIFYING murky black potion
  7009 | D:11     | 7009 ||| INVOKING Heroism.
  7019 | D:11     | Reached XP level 11. HP: 67/71 MP: 12/14
  7036 | D:10     | Entered Level 10 of the Dungeon
  7038 | D:10     | Noticed a two-headed ogre
  7039 | D:10     | 7039 ||| INVOKING Heroism.
  7047 | D:10     | Killed a two-headed ogre
  7047 | D:10     | Received a gift from Okawaru
  7075 | D:9      | 7075 ||| Stepping ~*~*~tactically~*~*~ (hiding).
  7080 | D:9      | 7080 ||| INVOKING Heroism.
  7310 | D:9      | 7310 ||| INVOKING Heroism.
  7381 | D:9      | 7381 ||| Stepping ~*~*~tactically~*~*~ (hiding).
  7463 | D:9      | Identified the +2 hand axe of Setihus {spect, +Blink}
  7632 | D:9      | 7632 ||| PLANNING LAIR
  7707 | Lair:1   | Entered Level 1 of the Lair of Beasts
  7707 | Lair:1   | Found a shimmering altar of Xom.
  7710 | Lair:1   | 7710 ||| STAIRDANCE
  7737 | Lair:1   | 7737 ||| INVOKING Heroism.
  7820 | Lair:1   | 7820 ||| INVOKING Heroism.
  7830 | Lair:1   | Reached skill level 12 in Axes
  7841 | Lair:1   | Received a gift from Okawaru
  7992 | Lair:1   | You are sucked into a shaft and drop 1 floor!
  7992 | Lair:2   | Found a staircase to the Swamp.
  7992 | Lair:2   | Noticed Harold
  7993 | Lair:2   | 7993 ||| INVOKING Heroism.
  7998 | Lair:2   | Killed Harold
  7998 | Lair:2   | Reached **** piety under Okawaru
  8004 | Lair:2   | Reached skill level 3 in Throwing
  8029 | Lair:2   | 8029 ||| READING scroll labelled ZOTOSHREIJI.
  8156 | Lair:1   | 8156 ||| Stepping ~*~*~tactically~*~*~ (stealth).
  8234 | Lair:1   | 8234 ||| INVOKING Heroism.
  8242 | Lair:1   | Reached skill level 6 in Shields
  8393 | Lair:1   | 8393 ||| INVOKING Heroism.
  8478 | Lair:1   | 8478 ||| INVOKING Heroism.
  8485 | Lair:1   | Reached skill level 9 in Armour
  8587 | Lair:1   | Reached XP level 12. HP: 69/76 MP: 16/16
  8692 | Lair:1   | 8692 ||| READING scroll labelled RAONO KEOTRY.
  8862 | Lair:2   | Noticed Maggie
  8868 | Lair:2   | Reached skill level 6 in Invocations
  8875 | Lair:2   | Killed Maggie
  8975 | Lair:2   | Noticed a death yak
  8976 | Lair:2   | 8976 ||| INVOKING Heroism.
  8981 | Lair:2   | Noticed a death yak
  8983 | Lair:2   | Killed a death yak
  8984 | Lair:2   | Noticed a death yak
  8984 | Lair:2   | Noticed a death yak
  8984 | Lair:2   | Noticed a death yak
  8985 | Lair:2   | Noticed a death yak
  8995 | Lair:2   | Killed a death yak
  8995 | Lair:2   | Reached ***** piety under Okawaru
  8996 | Lair:2   | 8996 ||| INVOKING Finesse.
  9000 | Lair:2   | Killed a death yak
  9002 | Lair:2   | Killed a death yak
  9003 | Lair:2   | Killed a death yak
  9010 | Lair:2   | Killed a death yak
  9159 | Lair:2   | 9159 ||| INVOKING Heroism.
  9299 | Lair:2   | Found a hole to the Spider Nest.
  9310 | Lair:2   | 9310 ||| Stepping ~*~*~tactically~*~*~ (stealth).
  9322 | Lair:2   | 9322 ||| INVOKING Heroism.
  9602 | Lair:2   | Noticed a boulder beetle
  9603 | Lair:2   | 9603 ||| INVOKING Heroism.
  9604 | Lair:2   | 9604 ||| INVOKING Finesse.
  9614 | Lair:2   | Reached skill level 9 in Invocations
  9622 | Lair:2   | Killed a boulder beetle
  9664 | Lair:2   | Identified the +5 short sword of Fee Simple {holy, Int+2}
  9665 | Lair:2   | Identified the +0 plate armour of Refuge {rN+}
  9993 | Lair:2   | 9993 ||| DROPPING +0 plate armour of Refuge {rN+}.
  9994 | Lair:2   | 9994 ||| READING scroll labelled FIOSUCELIO.
 10027 | Lair:3   | 10027 ||| INVOKING Heroism.
 10046 | Lair:3   | Reached skill level 13 in Axes
 10061 | Lair:3   | Received a gift from Okawaru
 10088 | Lair:3   | Reached XP level 13. HP: 65/82 MP: 20/20
 10179 | Lair:3   | 10179 ||| INVOKING Heroism.
 10180 | Lair:3   | 10180 ||| INVOKING Finesse.
 10214 | Lair:3   | Received a gift from Okawaru
 10232 | Lair:3   | Reached skill level 14 in Axes
 10334 | Lair:3   | 10334 ||| INVOKING Heroism.
 10368 | Lair:3   | 10368 ||| Stepping ~*~*~tactically~*~*~ (stealth).
 10369 | Lair:3   | 10369 ||| Stepping ~*~*~tactically~*~*~ (stealth).
 10370 | Lair:3   | 10370 ||| Stepping ~*~*~tactically~*~*~ (stealth).
 10371 | Lair:3   | 10371 ||| Stepping ~*~*~tactically~*~*~ (stealth).
 10372 | Lair:3   | 10372 ||| Stepping ~*~*~tactically~*~*~ (stealth).
 10373 | Lair:3   | 10373 ||| Stepping ~*~*~tactically~*~*~ (stealth).
 10409 | Lair:3   | 10409 ||| INVOKING Heroism.
 10482 | Lair:3   | 10482 ||| Stepping ~*~*~tactically~*~*~ (stealth).
 10483 | Lair:3   | 10483 ||| Stepping ~*~*~tactically~*~*~ (stealth).
 10526 | Lair:3   | 10526 ||| INVOKING Heroism.
 10537 | Lair:3   | Identified the +6 executioner's axe "Orb Guardian's Bane"
                  | {freeze, rC+} (Okawaru gifted it to you on level 3 of the
                  | Lair of Beasts)
 10537 | Lair:3   | Received a gift from Okawaru
 10574 | Lair:3   | 10574 ||| INVOKING Heroism.
 10743 | Lair:3   | 10743 ||| Stepping ~*~*~tactically~*~*~ (stealth).
 10812 | Lair:3   | 10812 ||| Stepping ~*~*~tactically~*~*~ (stealth).
 10815 | Lair:3   | 10815 ||| FLEEEEING.
 10818 | Lair:3   | 10818 ||| FLEEEEING.
 10819 | Lair:3   | 10819 ||| FLEEEEING.
 10820 | Lair:3   | 10820 ||| FLEEEEING.
 10821 | Lair:3   | 10821 ||| FLEEEEING.
 10822 | Lair:3   | 10822 ||| FLEEEEING.
 10823 | Lair:3   | 10823 ||| INVOKING Heroism.
 10824 | Lair:3   | 10824 ||| INVOKING Finesse.
 11362 | Lair:4   | 11362 ||| INVOKING Heroism.
 11377 | Lair:4   | Received a gift from Okawaru
 11453 | Lair:4   | 11453 ||| Stepping ~*~*~tactically~*~*~ (stealth).
 11537 | Lair:4   | 11537 ||| INVOKING Heroism.
 11573 | Lair:4   | 11573 ||| Stepping ~*~*~tactically~*~*~ (hiding).
 11575 | Lair:4   | 11575 ||| INVOKING Finesse.
 11740 | Lair:4   | 11740 ||| Stepping ~*~*~tactically~*~*~ (stealth).
 11741 | Lair:4   | 11741 ||| Stepping ~*~*~tactically~*~*~ (stealth).
 11742 | Lair:4   | 11742 ||| INVOKING Heroism.
 11749 | Lair:4   | Reached skill level 15 in Axes
 11758 | Lair:4   | 11758 ||| INVOKING Finesse.
 11783 | Lair:4   | Gained mutation: Your large and strong wings let you fly.
                  | [Gargoyle growth]
 11783 | Lair:4   | Reached XP level 14. HP: 74/90 MP: 17/21
 11819 | Lair:4   | 11819 ||| Stepping ~*~*~tactically~*~*~ (stealth).
 12235 | Lair:5   | Entered Level 5 of the Lair of Beasts
 12235 | Lair:5   | Found a large runed translucent door.
 12235 | Lair:5   | Found a large runed translucent door.
 12236 | Lair:5   | 12236 ||| INVOKING Heroism.
 12244 | Lair:5   | 12244 ||| STAIRDANCE
 12246 | Lair:4   | 12246 ||| INVOKING Finesse.
 12255 | Lair:4   | Reached skill level 12 in Fighting
 12403 | Lair:5   | Noticed qw's ghost (journeyman GrFi)
 12544 | Lair:5   | Found a viscous altar of Jiyva.
 12545 | Lair:5   | Found a staircase to the Slime Pits.
 12646 | Lair:5   | 12646 ||| Stepping ~*~*~tactically~*~*~ (hiding).
 12648 | Lair:5   | 12648 ||| Stepping ~*~*~tactically~*~*~ (hiding).
 12716 | Lair:5   | 12716 ||| Stepping ~*~*~tactically~*~*~ (hiding).
 12727 | Lair:5   | 12727 ||| Stepping ~*~*~tactically~*~*~ (stealth).
 12813 | Lair:5   | 12813 ||| INVOKING Heroism.
 12814 | Lair:5   | 12814 ||| INVOKING Finesse.
 12903 | Lair:5   | 12903 ||| Stepping ~*~*~tactically~*~*~ (stealth).
 13005 | Lair:5   | 13005 ||| Stepping ~*~*~tactically~*~*~ (stealth).
 13007 | Lair:5   | 13007 ||| Stepping ~*~*~tactically~*~*~ (stealth).
 13019 | Lair:5   | 13019 ||| INVOKING Heroism.
 13387 | Lair:5   | 13387 ||| Stepping ~*~*~tactically~*~*~ (stealth).
 13396 | Lair:5   | 13396 ||| Stepping ~*~*~tactically~*~*~ (stealth).
 13497 | Lair:5   | Reached skill level 16 in Axes
 13529 | Lair:5   | 13529 ||| Stepping ~*~*~tactically~*~*~ (hiding).
 13572 | Lair:5   | 13572 ||| Stepping ~*~*~tactically~*~*~ (stealth).
 13579 | Lair:5   | 13579 ||| INVOKING Heroism.
 13591 | Lair:5   | 13591 ||| Stepping ~*~*~tactically~*~*~ (stealth).
 13642 | Lair:5   | 13642 ||| Stepping ~*~*~tactically~*~*~ (stealth).
 13663 | Lair:5   | 13663 ||| INVOKING Heroism.
 13765 | Lair:5   | Found a corrupted altar of Lugonu.
 13765 | Lair:5   | Found a one-way gate to the infinite horrors of the Abyss.
 13770 | Lair:5   | Identified the staff "Impbane" {+Blink rC+ rCorr Str+3
                  | Earth}
 13922 | Lair:5   | 13922 ||| UPGRADING to +0 kite shield.
 13932 | Lair:5   | 13932 ||| PLANNING D:1-11
 13932 | Lair:5   | 13932 ||| DROPPING +0 buckler.
 14024 | D:10     | Noticed Psyche
 14029 | D:10     | Killed Psyche
 14106 | D:10     | Noticed Gastronok
 14120 | D:10     | Killed Gastronok
 14138 | D:10     | Noticed Erolcha
 14139 | D:10     | 14139 ||| INVOKING Heroism.
 14140 | D:10     | 14140 ||| INVOKING Finesse.
 14146 | D:10     | 14146 ||| Stepping ~*~*~tactically~*~*~ (stealth).
 14151 | D:10     | 14151 ||| INVOKING Heroism.
 14172 | D:10     | Killed Erolcha
 14172 | D:10     | Received a gift from Okawaru
 14242 | D:10     | 14242 ||| DROPPING +3 war axe.
 14271 | D:10     | Found a staircase to the Orcish Mines.
 14371 | D:10     | 14371 ||| Stepping ~*~*~tactically~*~*~ (hiding).
 14445 | D:10     | Noticed Fannar
 14450 | D:10     | Reached skill level 9 in Shields
 14454 | D:10     | Killed Fannar
 14567 | D:10     | 14567 ||| Stepping ~*~*~tactically~*~*~ (hiding).
 14694 | D:10     | Noticed Erica
 14695 | D:10     | 14695 ||| INVOKING Heroism.
 14696 | D:10     | 14696 ||| INVOKING Finesse.
 14703 | D:10     | Killed Erica
 15047 | D:11     | 15047 ||| INVOKING Heroism.
 15065 | D:11     | 15065 ||| INVOKING Heroism.
 15066 | D:11     | 15066 ||| Stepping ~*~*~tactically~*~*~ (cloud).
 15069 | D:11     | 15069 ||| Stepping ~*~*~tactically~*~*~ (cloud).
 15168 | D:11     | 15168 ||| Stepping ~*~*~tactically~*~*~ (hiding).
 15267 | D:11     | 15267 ||| Stepping ~*~*~tactically~*~*~ (stealth).
 15270 | D:11     | 15270 ||| Stepping ~*~*~tactically~*~*~ (hiding).
 15271 | D:11     | 15271 ||| Stepping ~*~*~tactically~*~*~ (hiding).
 15434 | D:11     | 15434 ||| Stepping ~*~*~tactically~*~*~ (hiding).
 15538 | D:11     | 15538 ||| PLANNING D
 15574 | D:12     | 15574 ||| Stepping randomly (disturbance).
 15708 | D:12     | Noticed Azrael
 15709 | D:12     | 15709 ||| Stepping ~*~*~tactically~*~*~ (hiding).
 15715 | D:12     | 15715 ||| INVOKING Heroism.
 15747 | D:12     | Killed Azrael
 15748 | D:12     | Reached XP level 15. HP: 35/96 MP: 22/22
 16127 | D:12     | 16127 ||| Stepping ~*~*~tactically~*~*~ (hiding).
 16279 | D:12     | 16279 ||| Stepping ~*~*~tactically~*~*~ (hiding).
 16280 | D:12     | 16280 ||| Stepping ~*~*~tactically~*~*~ (hiding).
 16564 | D:12     | 16564 ||| Stepping ~*~*~tactically~*~*~ (hiding).
 16573 | D:12     | Identified the +8 falchion "Qaont" {freeze, Str+3}
 16886 | D:13     | 16886 ||| Stepping ~*~*~tactically~*~*~ (stealth).
 16915 | D:13     | 16915 ||| STAIRDANCE
 16983 | D:13     | 16983 ||| Stepping ~*~*~tactically~*~*~ (hiding).
 16987 | D:13     | Noticed Sonja
 16994 | D:13     | Killed Sonja
 17032 | D:13     | 17032 ||| INVOKING Heroism.
 17062 | D:13     | 17062 ||| INVOKING Heroism.
 17075 | D:13     | Reached skill level 12 in Shields
 17244 | D:13     | 17244 ||| Stepping ~*~*~tactically~*~*~ (hiding).
 17278 | D:13     | 17278 ||| Stepping ~*~*~tactically~*~*~ (hiding).
 17279 | D:13     | 17279 ||| Stepping ~*~*~tactically~*~*~ (hiding).
 17301 | D:13     | 17301 ||| Stepping ~*~*~tactically~*~*~ (stealth).
 17309 | D:13     | 17309 ||| Stepping ~*~*~tactically~*~*~ (stealth).
 17416 | D:13     | 17416 ||| INVOKING Heroism.
 17505 | D:13     | 17505 ||| Stepping ~*~*~tactically~*~*~ (stealth).
 17507 | D:13     | 17507 ||| Stepping ~*~*~tactically~*~*~ (hiding).
 17508 | D:13     | 17508 ||| Stepping ~*~*~tactically~*~*~ (hiding).
 17532 | D:13     | 17532 ||| Stepping ~*~*~tactically~*~*~ (hiding).
 17604 | D:13     | 17604 ||| Stepping ~*~*~tactically~*~*~ (hiding).
 17672 | D:13     | 17672 ||| INVOKING Heroism.
 17678 | D:13     | Reached skill level 3 in Dodging
 17752 | D:13     | 17752 ||| INVOKING Heroism.
 17895 | D:13     | 17895 ||| Stepping ~*~*~tactically~*~*~ (hiding).
 17964 | D:13     | Found the +8 autumn katana {manifold assault}
 17965 | D:13     | 17965 ||| Stepping ~*~*~tactically~*~*~ (hiding).
 17969 | D:13     | Identified the ring of Dishonour {rC+ Will+ Dex+6}
 18014 | D:13     | 18014 ||| INVOKING Heroism.
 18381 | D:13     | 18381 ||| Stepping ~*~*~tactically~*~*~ (hiding).
 18538 | D:13     | 18538 ||| Stepping ~*~*~tactically~*~*~ (hiding).
 18641 | D:13     | Found a gate to the Vaults.
 18749 | D:13     | 18749 ||| UPGRADING to amulet of faith.
 18759 | D:13     | 18759 ||| UPGRADING to ring of Dishonour {rC+ Will+ Dex+6}.
 18761 | D:13     | 18761 ||| DROPPING ring of ice.
 18801 | D:14     | 18801 ||| STAIRDANCE
 18806 | D:13     | 18806 ||| INVOKING Heroism.
 18942 | D:14     | 18942 ||| STAIRDANCE
 18998 | D:14     | 18998 ||| Stepping ~*~*~tactically~*~*~ (hiding).
 19000 | D:14     | 19000 ||| Stepping ~*~*~tactically~*~*~ (hiding).
 19246 | D:14     | Identified the +3 sling "Nixzuenkopp" {antimagic, SInv
                  | Stlth+}
 19276 | D:14     | 19276 ||| Stepping ~*~*~tactically~*~*~ (stealth).
 19346 | D:14     | 19346 ||| Stepping ~*~*~tactically~*~*~ (stealth).
 19363 | D:14     | Reached XP level 16. HP: 104/104 MP: 23/23
 19364 | D:14     | Found an iron altar of Okawaru.
 19366 | D:14     | 19366 ||| Stepping ~*~*~tactically~*~*~ (stealth).
 19375 | D:14     | 19375 ||| Stepping ~*~*~tactically~*~*~ (hiding).
 19382 | D:14     | Reached skill level 12 in Armour
 19392 | D:14     | 19392 ||| Stepping ~*~*~tactically~*~*~ (stealth).
 19394 | D:14     | 19394 ||| Stepping ~*~*~tactically~*~*~ (stealth).
 19397 | D:14     | 19397 ||| Stepping ~*~*~tactically~*~*~ (stealth).
 19404 | D:14     | Received a gift from Okawaru
 19489 | D:14     | 19489 ||| INVOKING Heroism.
 19526 | D:14     | 19526 ||| INVOKING Heroism.
 19878 | D:14     | 19878 ||| INVOKING Heroism.
 19982 | D:14     | 19982 ||| INVOKING Heroism.
 20185 | D:15     | Entered Level 15 of the Dungeon
 20199 | D:15     | Found a staircase to the Depths.
 20200 | D:15     | 20200 ||| INVOKING Heroism.
 20278 | D:15     | 20278 ||| INVOKING Heroism.
 20292 | D:15     | Noticed Agnes
 20293 | D:15     | 20293 ||| INVOKING Finesse.
 20313 | D:15     | Killed Agnes
 20363 | D:15     | 20363 ||| INVOKING Heroism.
 20583 | D:15     | 20583 ||| Stepping ~*~*~tactically~*~*~ (hiding).
 20754 | D:15     | 20754 ||| INVOKING Heroism.
 20928 | D:15     | 20928 ||| PLANNING ORC
 20928 | D:15     | 20928 ||| UPGRADING to +2 plate armour of cold resistance.
 21073 | Orc:1    | Entered Level 1 of the Orcish Mines
 21165 | Orc:1    | 21165 ||| Stepping ~*~*~tactically~*~*~ (hiding).
 21167 | Orc:1    | 21167 ||| Stepping ~*~*~tactically~*~*~ (hiding).
 21201 | Orc:1    | 21201 ||| Stepping ~*~*~tactically~*~*~ (hiding).
 21230 | Orc:1    | 21230 ||| Stepping ~*~*~tactically~*~*~ (stealth).
 21272 | Orc:1    | Noticed Nergalle
 21284 | Orc:1    | Killed Nergalle
 21423 | Orc:2    | Entered Level 2 of the Orcish Mines
 21423 | Orc:2    | Found a staircase to the Elven Halls.
 21437 | Orc:2    | 21437 ||| Stepping ~*~*~tactically~*~*~ (stealth).
 21438 | Orc:2    | 21438 ||| Stepping ~*~*~tactically~*~*~ (stealth).
 21440 | Orc:2    | 21440 ||| INVOKING Heroism.
 21555 | Orc:1    | 21555 ||| Stepping randomly (stuck).
 22077 | Orc:2    | 22077 ||| INVOKING Heroism.
 22096 | Orc:2    | HP: 19/106 [orc priest/divine providence (15)]
 22097 | Orc:2    | 22097 ||| READING 10 scrolls of teleportation.
 22098 | Orc:2    | 22098 ||| DRINKING 8 potions of heal wounds.
 22381 | Orc:2    | 22381 ||| INVOKING Heroism.
 22398 | Orc:2    | 22398 ||| Stepping ~*~*~tactically~*~*~ (stealth).
 22399 | Orc:2    | 22399 ||| Stepping ~*~*~tactically~*~*~ (stealth).
 22423 | Orc:2    | 22423 ||| Stepping ~*~*~tactically~*~*~ (hiding).
 22424 | Orc:2    | 22424 ||| Stepping ~*~*~tactically~*~*~ (hiding).
 22425 | Orc:2    | 22425 ||| Stepping ~*~*~tactically~*~*~ (hiding).
 22463 | Orc:2    | 22463 ||| Stepping ~*~*~tactically~*~*~ (stealth).
 22464 | Orc:2    | 22464 ||| Stepping ~*~*~tactically~*~*~ (stealth).
 22465 | Orc:2    | 22465 ||| Stepping ~*~*~tactically~*~*~ (stealth).
 22503 | Orc:2    | 22503 ||| INVOKING Heroism.
 22512 | Orc:2    | HP: 23/106 [orc knight/+3 great sword (17)]
 22513 | Orc:2    | 22513 ||| READING 9 scrolls of teleportation.
 22513 | Orc:2    | Mangled by an orc knight

Levels and vault maps discovered:
D:1:      spicycebolla_green_bress_n_ham, layout_loops_cross
D:2:      layout_basic, basic_altar, amcnicky_mini_corridor_feature,
          nicolae_hexahallways, hangedman_feature_mirror, uniq_terence
D:3:      layout_rooms, mainiacjoe_overflow_24_doors, minmay_misc_feat_tower
D:4:      layout_rooms, serial_shops, shop, nicolae_shop_crystal,
          nicolae_lakefront_shop
D:5:      layout_loops_ring, uniq_grinder
D:6:      layout_gridville, nicolae_overflow_hidden_temple,
          mainiacjoe_overflow_catwalk, mainiacjoe_overflow_paths,
          minmay_temple_entry_glass, serial_shops, nicolae_stop_n_shop_2,
          uniq_eustachio
D:7:      layout_rooms, mainiacjoe_overflow_chevrons, serial_shops,
          nicolae_lakefront_shop
D:8:      layout_basic, special_room [special_room_orc], serial_rivers,
          chequers_serial_rivers_small_a, chequers_serial_rivers_small_3,
          chequers_serial_rivers_room_a, chequers_serial_rivers_room_b,
          dk_vineyard_2, uniq_prince_ribbit1
D:9:      layout_roguey, enter_bailey_4
D:10:     layout_loops_ring, erik_orc_2, minmay_gold_behind_fungi, uniq_erolcha,
          uniq_psyche, uniq_fannar, uniq_erica, uniq_gastronok
D:11:     layout_cave_pools, lair_entry_dummy, portal_ice_cave_entry_imps,
          corexii_checkpoint_b, minivault_15
D:12:     layout_basic, grunt_ministairs_7, due_unseen_surprise, uniq_azrael
D:13:     minmay_the_grid_triangle_9x9_recursive_3
          [minmay_the_grid_triangle_9x9_impossible_snake,
          minmay_the_grid_triangle_9x9_flanged_cone,
          minmay_the_grid_triangle_9x9_warning,
          minmay_the_grid_triangle_9x9_prize_schism,
          minmay_the_grid_triangle_9x9_semitri,
          minmay_the_grid_triangle_9x9_zippers_horizontal,
          minmay_the_grid_triangle_9x9_pentomino_pain,
          minmay_the_grid_triangle_9x9_wacky_v,
          minmay_the_grid_triangle_9x9_corrupted_corridor], layout_loops_ring,
          david_vaults_1, uniq_sonja
D:14:     layout_loops_cross, kennysheep_cross_bottleneck, nicolae_two_hexagons,
          okawaru_trees_2
D:15:     hangedman_depths_entry_try_elsewhere_first, layout_cave_pools,
          minmay_misc_feat_pillars, uniq_agnes
Temple:   hellmonk_temple_forest_ring
Lair:1:   layout_chaotic_city, basic_altar, serial_bayou_shore_a
Lair:2:   layout_roguey, minmay_swamp_entry_swarm, spider_nest_entry_webs,
          kennysheep_rathole, infiniplex_staircase_pool, uniq_maggie,
          uniq_harold
Lair:3:   layout_roguey, grunt_megastairs_1
Lair:4:   layout_small_grid, serial_forest, infiniplex_forest_zigzag_1,
          infiniplex_forest_pool, infiniplex_forest_lined_corner,
          infiniplex_forest_clump_diagonal, infiniplex_forest_lined_1,
          infiniplex_forest_split, infiniplex_forest_clump_small,
          nicolae_lair_grove_arrangements, serial_bayou_lagoon_b
Lair:5:   hellmonk_lair_end_abyssal_woods, layout_misc_corridors, slime_entry_1,
          ebering_ghost_disaster_area, nicolae_lair_lil_pond, lemuel_fruit_tree,
          infiniplex_staircase_pool_2
Orc:1:    layout_diamond_mine, nicolae_orc_bridge_out, mines_bat_river,
          uniq_nergalle
Orc:2:    st_orc_pillars, layout_caves, basic_altar

Skill      XL: |  1  2  3  4  5  6  7  8  9 10 11 12 13 14 15 16 |
---------------+-------------------------------------------------+-----
Axes           | 2 3 4 5 6 7 9 10 11 12 13 15 16 | 16.0
Fighting       | 4 5 6 7 9 10 11 12 13 14 | 14.0
Dodging        | 1 2 4 5 |  5.0
Armour         | 4 5 7 9 10 11 12 | 12.5
Shields        | 4 5 6 7 10 13 14 | 14.0
Invocations    | 4 5 10 | 10.0
Throwing       | 1 3 5 |  5.0

Action                     |  1- 3 |  4- 6 |  7- 9 | 10-12 | 13-15 | 16-18 || total
---------------------------+-------+-------+-------+-------+-------+-------++-------
  Melee: War axe           |    91 |    62 |   163 |   391 |  1063 |   329 ||  2099
  Throw: Boomerang         |       |       |     3 |    85 |    86 |    38 ||   212
         Javelin           |       |       |       |    13 |    36 |       ||    49
 Invoke: Heroism           |       |       |     4 |    19 |    27 |    12 ||    62
         Finesse           |       |       |       |     2 |     8 |     1 ||    11
    Use: Scroll            |     2 |    10 |     7 |     6 |       |     2 ||    27
         Potion            |       |     5 |     2 |       |       |     1 ||     8
 Armour: Scale mail        |    33 |     2 |       |       |       |       ||    35
         Chain mail        |       |    32 |    35 |       |       |       ||    67
         Plate armour      |       |       |    69 |   184 |   496 |   104 ||   853
  Dodge: Dodged            |    41 |    16 |    64 |    98 |   233 |    66 ||   518
  Block: Buckler           |    12 |    10 |    32 |    65 |    77 |       ||   196
         Kite shield       |       |       |       |       |   217 |   155 ||   372

Table legend:
 A = Non-vault XP
 B = Vault XP
 C = Vault XP percentage of total XP
 D = Non-vault monster count
 E = Vault monster count
 F = Vault count percentage of total count
                 A         B        C        D         E       F
            +---------+---------+-------+---------+---------+-------
      Total |  107426 |   49933 |  31.7 |     502 |     235 |  31.9
            +---------+---------+-------+---------+---------+-------
        D:1 |      36 |       0 |   0.0 |      23 |       0 |   0.0
        D:2 |      46 |      39 |  45.9 |      13 |       3 |  18.8
        D:3 |       9 |       0 |   0.0 |       6 |       0 |   0.0
        D:4 |     263 |       0 |   0.0 |      15 |       0 |   0.0
        D:5 |     478 |     286 |  37.4 |      17 |       1 |   5.6
        D:6 |    1253 |     196 |  13.5 |      28 |       1 |   3.4
        D:7 |    1065 |       0 |   0.0 |      25 |       0 |   0.0
        D:8 |    2501 |     392 |  13.5 |      18 |      25 |  58.1
        D:9 |    1230 |      12 |   1.0 |      25 |       5 |  16.7
       D:10 |    1902 |    5125 |  72.9 |       9 |      26 |  74.3
       D:11 |    3903 |     535 |  12.1 |      25 |      14 |  35.9
       D:12 |    6006 |    2570 |  30.0 |      23 |       7 |  23.3
       D:13 |    9434 |   16700 |  63.9 |      29 |      30 |  50.8
       D:14 |   18097 |       0 |   0.0 |      34 |       0 |   0.0
       D:15 |    8188 |    3108 |  27.5 |      19 |       4 |  17.4
     Lair:1 |    5653 |       0 |   0.0 |      23 |       0 |   0.0
     Lair:2 |    9910 |    2505 |  20.2 |      25 |      18 |  41.9
     Lair:3 |   14817 |    2176 |  12.8 |      42 |       8 |  16.0
     Lair:4 |   11128 |       0 |   0.0 |      43 |       0 |   0.0
     Lair:5 |    7261 |   11541 |  61.4 |      21 |      41 |  66.1
      Orc:1 |    1433 |     797 |  35.7 |      22 |       8 |  26.7
      Orc:2 |    2813 |    3951 |  58.4 |      17 |      44 |  72.1
            +---------+---------+-------+---------+---------+-------
